 Dungeon Sprint DCSS version 0.29-a0-700-g2f1814c7b2 (webtiles) character file.

Game seed: 501896704256148179

24 mhtbhm the Sneak (level 2, -1/13 HPs)
             Began as a Spriggan Enchanter on June 25, 2022.
             Slain by a yak (14 damage)
             ... in the Dungeon (Sprint I: "Red Sonja").
             The game lasted 00:00:18 (55 turns).

mhtbhm the Sneak (Spriggan Enchanter)                 Turns: 55, Time: 00:00:18

Health: -1/13      AC:  2    Str:  4    XL:     2   Next: 79%
Magic:  5/7        EV: 18    Int: 16    God:
Gold:   0          SH:  0    Dex: 15    Spells: 6/8 levels left

rFire   . . .      SeeInvis +   a - +1 dagger
rCold   . . .      Faith    .   (no shield)
rNeg    . . .      Spirit   .   b - +0 robe
rPois   .          Reflect  .   (helmet restricted)
rElec   .          Harm     .   (no cloak)
rCorr   .          Rampage  .   (gloves unavailable)
Will    .....      NoTele   +   (boots unavailable)
Stlth   +++.......              (no amulet)
HPRegen 0.04/turn               (no ring)
MPRegen 0.10/turn               (no ring)

@: very quick
A: very small, no large weapons, unfitting armour, see invisible, speed 3
a: no special abilities


You were in the Dungeon.
You visited 1 branch

Inventory:

Hand Weapons
 a - a +1 dagger (weapon)
Armour
 b - a +0 robe (worn)
Wands
 h - a wand of digging (6)
Scrolls
 i - a scroll of blinking
Potions
 c - 2 potions of invisibility
 d - a potion of curing
 e - a potion of heal wounds
 f - a potion of haste
 g - 2 potions of magic


   Skills:
 + Level 1.1 Short Blades
 + Level 3.5 Dodging
 + Level 6.7 Stealth
 + Level 3.7 Spellcasting
 + Level 5.7 Hexes


You had 6 spell levels left.
You knew the following spells:

 Your Spells              Type           Power      Damage    Failure   Level
a - Ensorcelled Hibernat  Hex/Ice        24%        N/A       9%          2

Your spell library contained the following spells:

 Spells                   Type           Power      Damage    Failure   Level
 Confusing Touch          Hex            21%        N/A       4%          3
 Tukima's Dance           Hex            21%        N/A       4%          3
 Dazzling Flash           Conj/Hex       24%        N/A       16%         3


Dungeon Overview and Level Annotations

Branches:
Dungeon (1/1)

Altars:
Cheibriados
Dithmenos
Elyvilon
Fedhas
Gozag
Hepliaklqana
Kikubaaqudgha
Nemelex Xobeh
Okawaru
Qazlal
Ru
Trog
Uskayaw
Yredelemnul
Zin
The Shining One

Shops:
D (


Innate Abilities, Weirdness & Mutations

You are very small and have problems with some larger weapons.
You are too small for most types of armour.
You have supernaturally acute eyesight. (SInv)
You cover ground extremely quickly. (Speed+++)


Message History

You start resting.
You feel your anger nearly subside.
You are no longer berserk.
You are exhausted.
You feel yourself slow down.
You start resting.
HP restored.
You start resting.
Magic restored.
You start waiting.
You feel yourself speed up.
You start waiting.
You recover from your berserk rage.
Memorise Ensorcelled Hibernation, consuming 2 spell levels and leaving 6?
You start memorising the spell.
You continue memorising. x2
You finish memorising.
Spell assigned to 'a'.
There is an open door here.
There is a fountain of clear blue water here.
Aiming: Dig
Press: ? - help, Shift-Dir - straight line A rock wall.
The rock shatters into small pieces.
A yak comes into view.
The yak bellows!
Found Zuawusch's Antique Weapon Emporium.
Found fourteen altars.
Casting: Ensorcelled Hibernation (safe; 9% risk of failure)
Confirm with . or Enter, or press ? or * to list all spells.
Aiming: Ensorcelled Hibernation (safe; 9% risk of failure)
Press: ? - help, Shift-Dir - straight line, f - yak
Aim: a yak (chance to affect: 46%)
The yak looks drowsy...
Found a shadowy altar of Dithmenos and a white marble altar of Elyvilon.
There is an ancient bone altar of Kikubaaqudgha here.
There is an entrance to Zuawusch's Antique Weapon Emporium here.
The helpless yak fails to defend itself.
You impale the yak!!
The yak is severely wounded.
The yak gores you!
Ouch! That really hurt!
You die...

#######
#<.#.)+
#..'..#
#..####
#..####
#..#__####
#..#_____##
#⌠⌠._.∩@Y.+
####_..__##
#_____#
#######


You could see a yak.

Vanquished Creatures
  Ijyb (D)
1 creature vanquished.

Notes
Turn   | Place    | Note
-------+----------+-------------------------------------------
     0 | D        | mhtbhm the Spriggan Enchanter began the quest for the Orb.
     0 | D        | Reached XP level 1. HP: 9/9 MP: 5/5
     2 | D        | Noticed Ijyb
     9 | D        | Killed Ijyb
    10 | D        | Reached skill level 6 in Stealth
    10 | D        | Reached skill level 5 in Hexes
    10 | D        | Reached XP level 2. HP: 13/13 MP: 5/7
    40 | D        | Learned a level 2 spell: Ensorcelled Hibernation
    48 | D        | Noticed a yak
    48 | D        | Found an ancient bone altar of Kikubaaqudgha.
    48 | D        | Found Zuawusch's Antique Weapon Emporium.
    48 | D        | Found a basalt altar of Yredelemnul.
    48 | D        | Found a glowing golden altar of the Shining One.
    48 | D        | Found an iron altar of Okawaru.
    48 | D        | Found a bloodstained altar of Trog.
    48 | D        | Found a hide-covered altar of Uskayaw.
    48 | D        | Found a blossoming altar of Fedhas.
    48 | D        | Found a hazy altar of Hepliaklqana.
    48 | D        | Found a stormy altar of Qazlal.
    48 | D        | Found a sacrificial altar of Ru.
    48 | D        | Found a glowing silver altar of Zin.
    48 | D        | Found a snail-covered altar of Cheibriados.
    48 | D        | Found an opulent altar of Gozag.
    48 | D        | Found a sparkling altar of Nemelex Xobeh.
    50 | D        | Found a shadowy altar of Dithmenos.
    50 | D        | Found a white marble altar of Elyvilon.
    55 | D        | Slain by a yak

Illustrated notes

Levels and vault maps discovered:
D:        dungeon_sprint_1 [red_sonja_temple_1, red_sonja_temple_small_1]

Skill      XL: |  1 |
---------------+----+-----
Dodging        | 3 |  3.5
Stealth        | 6 |  6.7
Spellcasting   | 3 |  3.7
Hexes          | 5 |  5.7
Short Blades   | |  1.1

Action                   || total
-------------------------++-------
Melee: Dagger            ||     5
 Cast: Ensorcelled Hiber ||     1
Evoke: Wand              ||     1
  Use: Potion            ||     1
 Stab: Sleeping          ||     2
Dodge: Dodged            ||     3

Table legend: (Time is in decaauts)
 A = Elapsed time spent in this place.
 B = Non-inter-level travel time spent in this place.
 C = Inter-level travel time spent in this place.
 D = Time resting spent in this place.
 E = Time spent auto-exploring this place.
 F = Levels seen in this place.
 G = Mean time per level.
                   A        B        C        D        E       F      G
               +--------+--------+--------+--------+--------+-----+--------+
         Total |     52 |     52 |      0 |     30 |      0 |   1 |   52.0 |
       Dungeon |     52 |     52 |      0 |     30 |      0 |   1 |   52.0 |
               +--------+--------+--------+--------+--------+-----+--------+

Top non-repeatable levels by time:
       D: 52 daAuts
